 Dungeon Crawl Stone Soup version 0.28.0 (webtiles) character file.

Game seed: 4792474953108420833

1432 Alacron the Protected (level 8, -3/64 HPs)
             Began as a Hill Orc Fighter on Feb 16, 2022.
             Was a Follower of Dithmenos.
             Slain by a killer bee (6 damage)
             ... on level 6 of the Dungeon.
             The game lasted 00:12:56 (6967 turns).

Alacron the Protected (Hill Orc Fighter)            Turns: 6967, Time: 00:12:57

Health: -3/64      AC: 19    Str: 21    XL:     8   Next: 73%
Magic:  8/8        EV:  8    Int:  8    God:    Dithmenos [*.....]
Gold:   219        SH:  4    Dex: 10    Spells: 7/7 levels left

rFire   . . .      SeeInvis .   a - +0 war axe
rCold   . . .      Faith    .   c - +0 buckler
rNeg    . . .      Spirit   .   t - +4 chain mail
rPois   .          Reflect  .   n - +0 helmet
rElec   .          Harm     .   (no cloak)
rCorr   .          Rampage  .   (no gloves)
Will    .....                   o - +0 pair of boots
Stlth   ..........              (no amulet)
HPRegen 0.20/turn               (no ring)
MPRegen 0.11/turn               (no ring)

@: lethally poisoned (-3 -> -4), wreathed by umbra
A: no striking features
a: Renounce Religion


You were on level 6 of the Dungeon.
You worshipped Dithmenos.
Dithmenos was aware of your devotion.
You visited 1 branch of the dungeon, and saw 6 of its levels.

You collected 219 gold pieces.

Inventory:

Hand Weapons
 a - a +0 war axe (weapon)
Armour
 c - a +0 buckler (worn)
 n - a +0 helmet (worn)
 o - a +0 pair of boots (worn)
 t - a +4 chain mail (worn)
Jewellery
 g - an amulet of magic regeneration
Wands
 d - a wand of flame (20)
 r - a wand of polymorph (3)
Scrolls
 e - 3 scrolls of magic mapping {unknown}
 f - 2 scrolls of enchant armour {unknown}
 h - a scroll of enchant weapon {unknown}
 i - 5 scrolls of identify {unknown}
 k - 6 scrolls of teleportation {unknown}
 l - a scroll of fog {unknown}
 m - a scroll of amnesia {unknown}
 q - a scroll of blinking {unknown}
Potions
 j - a potion of resistance {unknown}
 p - a potion of mutation {unknown}
 s - a potion of curing {unknown}


   Skills:
 - Level 3.6 Fighting
 - Level 2.6 Axes
 + Level 11.9 Armour
 - Level 3.2 Shields


You had 7 spell levels left.
You didn't know any spells.
Your spell library contained the following spells:

 Spells                   Type           Power      Damage    Failure   Level
 Sandblast                Erth           0%         2d4       98%         1
 Shock                    Conj/Air       0%         1d3       98%         1
 Passwall                 Tmut/Erth      0%         N/A       99%         2
 Scorch                   Fire           0%         2d5       99%         2
 Conjure Flame            Conj/Fire      0%         6-21      100%        3
 Ignite Poison            Fire/Tmut/Pois 0%         N/A       100%        3
 Stone Arrow              Conj/Erth      0%         3d7       100%        3
 Swiftness                Air            0%         N/A       100%        3
 Airstrike                Air            0%         N/A       100%        4
 Flame Wave               Conj/Fire      0%         2d4       100%        4
 Sticky Flame             Conj/Fire      0%         2d3       100%        4
 Summon Cactus Giant      Summ           0%         N/A       100%        6


Dungeon Overview and Level Annotations

Branches:
Dungeon (6/15)
 Temple: D:4-7

Altars:
Dithmenos
Kikubaaqudgha
The Shining One


Message History

The killer bee closely misses you.
You hit the killer bee.
The killer bee is almost dead.
You feel sick. The killer bee closely misses you.
You block the killer bee's attack. The killer bee closely misses you.
You barely miss the killer bee.
The killer bee is almost dead.
You feel sick.
You are no longer poisoned.
The killer bee stings you but does no damage.
The killer bee stings you!
* * * LOW HITPOINT WARNING * * *
The killer bee stings you.
* * * LOW HITPOINT WARNING * * *
You are poisoned.
The killer bee poisons you!
You barely miss the killer bee.
The killer bee is almost dead.
You feel very sick.
The killer bee stings you but does no damage.
The killer bee closely misses you.
The killer bee stings you but does no damage.
You barely miss the killer bee.
The killer bee is almost dead.
You feel very sick.
The killer bee stings you but does no damage.
The killer bee closely misses you.
The killer bee stings you but does no damage.
You slash the killer bee!
You kill the killer bee!
Dithmenos accepts your kill.
You feel sick. The killer bee barely misses you.
The killer bee closely misses you.
You closely miss the killer bee.
You feel sick. You block the killer bee's attack.
The killer bee barely misses you.
You barely miss the killer bee.
You feel sick. The killer bee stings you.
* * * LOW HITPOINT WARNING * * *
The killer bee stings you but does no damage.
The killer bee stings you.
You die...

#########.# #.#
#.# #.# #.# #.#
#.#
###############.#
..yyyyy@........#
###############.#
#.# #.# ###


You could see 5 killer bees.

Vanquished Creatures
  A centaur zombie (D:5)
  Eustachio (D:4)
  2 ogres
  A centaur (D:5)
  A kobold brigand (D:5)
  A wyvern zombie (D:5)
  2 water moccasin skeletons
  A killer bee (D:6)
  2 hounds (D:4)
  A jelly (D:5)
  A bullfrog skeleton (D:4)
  Ijyb (D:5)
  2 orc wizards (D:5)
  A hound skeleton (D:2)
  Robin (D:3)
  5 adders
  A shadow imp (D:5)
  An ufetubus (D:5)
  2 adder skeletons
  A worm (D:4)
  5 dart slugs
  11 orcs
  5 ball pythons
  6 endoplasms
  4 giant cockroaches
  15 hobgoblins
  6 quokkas
  3 bats
  2 frilled lizards
  11 goblins
  12 kobolds
  7 rats
116 creatures vanquished.

Vanquished Creatures (others)
  A human (D:3)
1 creature vanquished.

Grand Total: 117 creatures vanquished

Notes
Turn   | Place    | Note
-------+----------+-------------------------------------------
     0 | D:1      | Alacron the Hill Orc Fighter began the quest for the Orb.
     0 | D:1      | Reached XP level 1. HP: 19/19 MP: 1/1
   184 | D:1      | Reached XP level 2. HP: 26/26 MP: 2/2
   190 | D:1      | Reached skill level 4 in Armour
   526 | D:1      | Reached XP level 3. HP: 28/31 MP: 3/3
  1279 | D:2      | Reached skill level 5 in Armour
  1560 | D:2      | Reached XP level 4. HP: 36/39 MP: 4/4
  1601 | D:2      | Found an ancient bone altar of Kikubaaqudgha.
  1903 | D:3      | Found a shadowy altar of Dithmenos.
  2459 | D:3      | Found a faded altar of an unknown god.
  2478 | D:3      | Noticed Robin
  2483 | D:3      | Reached skill level 6 in Armour
  2489 | D:3      | Reached XP level 5. HP: 20/45 MP: 5/5
  2490 | D:3      | Killed Robin
  3057 | D:3      | Found an ancient bone altar of Kikubaaqudgha.
  3058 | D:3      | Noticed a human
  3061 | D:3      | Killed a human
  3308 | D:3      | Became a worshipper of Dithmenos the Shadowed
  3399 | D:4      | Reached skill level 7 in Armour
  3399 | D:4      | Reached XP level 6. HP: 42/51 MP: 6/6
  3617 | D:4      | Found a glowing golden altar of the Shining One.
  3621 | D:4      | Noticed Eustachio
  3643 | D:4      | Killed Eustachio
  3644 | D:4      | Reached skill level 8 in Armour
  4134 | D:4      | Reached XP level 7. HP: 42/57 MP: 7/7
  4764 | D:5      | Entered Level 5 of the Dungeon
  4894 | D:5      | Reached skill level 9 in Armour
  5236 | D:5      | Reached * piety under Dithmenos
  5873 | D:5      | Reached skill level 11 in Armour
  5873 | D:5      | Reached XP level 8. HP: 9/64 MP: 8/8
  6157 | D:5      | Noticed Ijyb
  6171 | D:5      | Killed Ijyb
  6967 | D:6      | HP: 3/64 [killer bee (4)]
  6967 | D:6      | Slain by a killer bee

Illustrated notes

Levels and vault maps discovered:
D:1:      matt_arrival_los_fun, layout_basic
D:2:      layout_basic, basic_altar
D:3:      layout_loops_corners, nicolae_dithmenos_through_a_glass_darkly,
          tgw_kikubaaqudgha, nicolae_ecumenical_oubliette, uniq_robin
D:4:      layout_basic, nicolae_tso_swordbearing_angel, minmay_surrounded,
          uniq_eustachio
D:5:      layout_basic, uniq_ijyb
D:6:      layout_basic, serial_shops, shop

Skill      XL: |  1  2  3  4  5  6  7 |
---------------+----------------------+-----
Armour         | 4 5 6 7 8 11 | 11.9
Fighting       | |  3.6
Axes           | |  2.6
Shields        | |  3.2

Action                   |  1- 3 |  4- 6 |  7- 9 || total
-------------------------+-------+-------+-------++-------
Melee: War axe           |    97 |   142 |   185 ||   424
       Unarmed           |       |       |    13 ||    13
Evoke: Wand              |       |       |     7 ||     7
  Use: Potion            |       |     1 |       ||     1
Armor: Scale mail        |    57 |    78 |   121 ||   256
       Chain mail        |       |       |    28 ||    28
       Skin              |       |       |     4 ||     4
Dodge: Dodged            |    46 |    82 |   109 ||   237
Block: Buckler           |    30 |    39 |    36 ||   105
